 Dungeon Crawl Stone Soup version 0.27.1-2-g3b301248ec (webtiles) character file.

Game seed: 14697330635721860753

16 Metae the Skirmisher (level 2, -1/27 HPs)
             Began as a Hill Orc Fighter on Sept 27, 2021.
             Succumbed to a kobold's poison
             ... on level 1 of the Dungeon.
             The game lasted 00:03:08 (588 turns).

Metae the Skirmisher (Hill Orc Fighter)              Turns: 588, Time: 00:03:08

Health: -1/27      AC:  6    Str: 18    XL:     2   Next: 58%
Magic:  2/2        EV:  7    Int:  8    God:
Gold:   30         SH:  9    Dex: 10    Spells: 1/1 levels left

rFire    . . .     SeeInvis .   a - +0 war axe
rCold    . . .     Faith    .   c - +0 kite shield
rNeg     . . .     Spirit   .   b - +0 scale mail
rPois    .         Reflect  .   (no helmet)
rElec    .         Harm     .   (no cloak)
rCorr    .         Rampage  .   (no gloves)
Will     +....                  (no boots)
Stlth    ..........             (no amulet)
HPRegen  0.09/turn              f - ring of willpower
MPRegen  0.08/turn              (no ring)

@: lethally poisoned (-1 -> -8)
A: no striking features
a: no special abilities


You were on level 1 of the Dungeon.
You visited 1 branch of the dungeon, and saw 1 of its levels.

You collected 30 gold pieces.

Inventory:

Hand Weapons
 a - a +0 war axe (weapon)
Armour
 b - a +0 scale mail (worn)
 c - a +0 kite shield (worn)
Jewellery
 f - a ring of willpower (left hand)
Scrolls
 e - a scroll of immolation {unknown}
 g - 2 scrolls of teleportation {unknown}
 h - 3 scrolls of enchant weapon {unknown}
 i - a scroll of torment {unknown}
 j - a scroll of amnesia {unknown}
 k - a scroll of magic mapping {unknown}
Potions
 d - a potion of might


   Skills:
 + Level 3.9 Fighting
 + Level 3.1 Axes
 + Level 3.6 Armour
 + Level 3.5 Shields


You had one spell level left.
You didn't know any spells.
Your spell library was empty.

Dungeon Overview and Level Annotations

Branches:
Dungeon (1/15)

Altars:


Message History

You kill the kobold!
Things that are here:
a +0 whip; a stone; a kobold corpse
Found 11 gold pieces.
You now have 30 gold pieces (gained 11).
A quokka comes into view.
You block the quokka's attack. The quokka barely misses you.
You slash the quokka!
You kill the quokka!
A kobold comes into view. It is wielding a +1 dagger of venom.
The kobold shouts!
The kobold throws a stone.
You block the stone. The kobold hits you but does no damage.
You are poisoned.
You closely miss the kobold.
You feel very sick.
The kobold hits you with a +1 dagger of venom.
You are more poisoned.
You closely miss the kobold.
You feel very sick.
The kobold hits you with a +1 dagger of venom.
The kobold hits you but does no damage.
You closely miss the kobold.
You feel very sick. The kobold barely misses you.
You closely miss the kobold.
You feel sick. The kobold hits you but does no damage.
You are lethally poisoned!
You block the kobold's attack.
You hit the kobold.
You kill the kobold!
* * * LOW HITPOINT WARNING * * *
You feel very sick.
* * * LOW HITPOINT WARNING * * *
You feel sick.
Things that are here:
a +1 dagger of venom; 3 stones
* * * LOW HITPOINT WARNING * * *
You feel sick.
You die...

#####.#####.######.
#.....# #.# #.#####
#.# #.# #.# #.# #.#
#.# #.# #.# #.#
#.#########.#
#...).@.....#
###########.#


There were no monsters in sight!

Vanquished Creatures
  A goblin (D:1)
  4 hobgoblins (D:1)
  2 quokkas (D:1)
  2 ball pythons (D:1)
  A bat (D:1)
  2 frilled lizards (D:1)
  2 kobolds (D:1)
  2 rats (D:1)
16 creatures vanquished.

Notes
Turn   | Place    | Note
-------+----------+-------------------------------------------
     0 | D:1      | Metae the Hill Orc Fighter began the quest for the Orb.
     0 | D:1      | Reached XP level 1. HP: 19/19 MP: 1/1
   211 | D:1      | Reached XP level 2. HP: 27/27 MP: 2/2
   587 | D:1      | HP: 1/27 [poisoned by a kobold]
   588 | D:1      | Succumbed to a kobold's poison

Illustrated notes

Levels and vault maps discovered:
D:1:      dpeg_arrival_stonehenge_8_columns, layout_basic,
          basic_ecumenical_altar, serial_glass, glass_columns_a,
          glass_columns_b, glass_columns_a, glass_columns_a, glass_columns_a,
          glass_columns_a

Skill      XL: |  1  2 |
---------------+-------+-----
Axes           | 3 |  3.1
Fighting       | |  3.9
Armour         | |  3.6
Shields        | |  3.5

Action                   || total
-------------------------++-------
Melee: War axe           ||    36
Armor: Scale mail        ||    21
Dodge: Dodged            ||    11
Block: Kite shield       ||    21
